[Event "RLP-ch Rapid 2024"]
[Site "Landau"]
[Date "2024.05.04"]
[Round "5.9"]
[White "Graf, Ann-Jennifer"]
[Black "Anissimova, Mariya"]
[Result "0-1"]
[ECO "C26"]
[WhiteElo "1827"]
[BlackElo "1850"]
[Annotator "NA RC"]
[PlyCount "86"]
[EventDate "2024.05.03"]
[EventType "swiss"]
[EventCountry "GER"]
[SourceTitle "playchess.com"]
[Source "ChessBase"]
[SourceQuality "1"]
[TimeControl "900+5"]

1. e4 e5 2. Nc3 Nf6 3. g3 Bc5 4. Bg2 a6 5. Nge2 Nc6 6. d3 d6 7. O-O Be6 8. Nd5 Qd7 9. Bg5 Ng4 10. h3 h6 11. Bh4 Nxf2 12. Rxf2 Bxh3 13. Bxh3 Qxh3 14. Qf1 Bxf2+ 15. Qxf2 g5 16. Qf6 Rf8 17. Nxc7+ Kd7 18. Nxa8 Rxa8 19. Qxf7+ Ne7 20. Qh5 gxh4 21. Qxh4 Qe6 22. Nc3 Rg8 23. Rf1 Rg4 24. Qh3 Qg6 25. Kh2 Kc6 26. Rf2 Rg5 27. Qg2 b5 28. b4 h5 29. Ne2 h4 30. d4 Rg4 31. d5+ Kc7 32. Kg1 hxg3 33. Rf3 Qxe4 34. Rc3+ Kd8 35. Qf1 Nf5 36. a3 g2 37. Qf2 Rh4 38. Qb6+ Ke8 39. Rc8+ Kf7 40. Qc7+ Ne7 41. Ng3 Rh1+ 42. Nxh1 gxh1=Q+ 43. Kf2 Qhg2# 0-1

[Event "RLP-ch Rapid 2024"]
[Site "Landau"]
[Date "2024.05.04"]
[Round "5.10"]
[White "Morio, Estelle"]
[Black "Mader, Lena"]
[Result "0-1"]
[ECO "E65"]
[WhiteElo "1814"]
[BlackElo "1902"]
[Annotator "NA RC"]
[PlyCount "146"]
[EventDate "2024.05.03"]
[EventType "swiss"]
[EventCountry "GER"]
[SourceTitle "playchess.com"]
[Source "ChessBase"]
[SourceQuality "1"]
[TimeControl "900+5"]

1. d4 Nf6 2. Nf3 g6 3. g3 Bg7 4. Bg2 O-O 5. O-O d6 6. c4 c5 7. dxc5 dxc5 8. Nc3 Nc6 9. Qxd8 Rxd8 10. Be3 Be6 11. Bxc5 Bxc4 12. Rfd1 Bf8 13. Rd2 Rxd2 14. Nxd2 Be6 15. Nde4 Nd7 16. Be3 Rc8 17. Nc5 Nxc5 18. Bxc5 b6 19. Be3 Bg7 20. a3 Bb3 21. Rb1 Bc4 22. Bd5 Ne5 23. Bf4 e6 24. Bg2 h6 25. Kf1 g5 26. Be3 Ng4 27. h3 Nxe3+ 28. fxe3 Be5 29. Kf2 Bxc3 30. bxc3 Rc5 31. g4 Ra5 32. Ra1 Kg7 33. Bc6 Rc5 34. Be4 f5 35. Bg2 Kf6 36. Rd1 Ra5 37. Ra1 Ke5 38. Bf3 Bd5 39. Ke1 Kd6 40. Kd2 Rc5 41. Rb1 Kc7 42. Ra1 Bxf3 43. exf3 Rd5+ 44. Ke2 Kc6 45. Ra2 Kc5 46. e4 fxe4 47. fxe4 Rd6 48. Ra1 Kc4 49. Rc1 Rd3 50. Ra1 Rxh3 51. Rd1 Rh2+ 52. Ke3 Rh3+ 53. Ke2 Rg3 54. Rd6 Rxg4 55. Rxe6 Kxc3 56. e5 h5 57. Re8 h4 58. e6 Re4+ 59. Kf3 Re1 60. e7 Kb3 61. Kg4 Kxa3 62. Kxg5 h3 63. Rh8 Rxe7 64. Rxh3+ Kb4 65. Kf5 b5 66. Rh4+ Kc5 67. Rh8 a5 68. Ra8 a4 69. Kf4 Kb4 70. Kf3 Kb3 71. Ra6 a3 72. Ra5 Rb7 73. Ke3 Kb2 0-1

[Event "RLP-ch Rapid 2024"]
[Site "Landau"]
[Date "2024.05.04"]
[Round "6.1"]
[White "Carow, Johannes"]
[Black "Sidletskyi, Ivan"]
[Result "1-0"]
[ECO "E32"]
[WhiteElo "2456"]
[BlackElo "2346"]
[Annotator "TA"]
[PlyCount "129"]
[EventDate "2024.05.03"]
[EventType "swiss"]
[EventCountry "GER"]
[SourceTitle "playchess.com"]
[Source "ChessBase"]
[SourceQuality "1"]
[TimeControl "900+5"]

1. d4 Nf6 2. c4 e6 3. Nc3 Bb4 4. Qc2 d6 5. Nf3 Nbd7 6. a3 Bxc3+ 7. Qxc3 b6 8. g3 Bb7 9. Bg2 O-O 10. O-O c5 11. Rd1 Rc8 {[%emt 0:01:15] has lost popularity (11...Qe7). E32: Nimzo-Indian: Classical (4 Qc2): 4...0-0.} 12. b3 d5 13. cxd5 $146 ({Predecessor:} 13. Ne5 Nxe5 14. dxe5 d4 15. Qd3 Bxg2 16. Kxg2 Nd7 17. f4 f6 18. exf6 Qxf6 19. e4 {1-0 Blahynka,M (2417)-Petrik,T (2474) CZE-chT 1516 2015 (1.3)}) 13... Bxd5 14. Qe3 cxd4 15. Nxd4 Bxg2 16. Kxg2 Nd5 17. Qg5 Nc3 18. Qxd8 Rfxd8 19. Rd2 Ne4 20. Rd1 Nc3 21. Rd2 Nc5 22. Bb2 {[%emt 0:00:03] [#]} (22. Rc2 $1 $11 {remains equal.} Nd1 23. Rc4 Rxd4 24. Rxd4 Nxb3 25. Rxd1 Nxa1 26. Rd7) 22... N5e4 $1 $17 23. Rd3 Nxe2 $1 24. Re1 (24. Rad1 $17 {keeps fighting.} Nc5 25. Re3 Nxd4 26. Rxd4) 24... Nxd4 $2 (24... Nc5 $19 25. Rdd1 Nxd4 26. Bxd4 Nxb3) 25. Rxe4 $17 {[%emt 0:00:03] [#]} Nf5 $1 26. Rc4 h5 27. Rxd8+ Rxd8 28. Rc7 Rd3 29. b4 a5 30. bxa5 bxa5 31. Bc3 a4 (31... Nd6 $15) 32. Bb4 $11 Nd4 33. Ra7 Nc2 34. Rxa4 Kh7 35. Ra7 Kg6 36. Bc5 Ne1+ 37. Kf1 Nf3 38. Kg2 Rb3 39. Be3 Ne1+ 40. Kf1 Nc2 41. Bc5 $1 Rb1+ 42. Ke2 Na1 (42... Rb5 $11 {keeps the balance.} 43. Rc7 Ra5) 43. a4 $16 Nb3 44. Be3 Rb2+ $2 (44... e5 $16) 45. Kd3 $18 Ra2 46. Kc3 Na1 47. a5 Rc2+ 48. Kd3 Rc8 49. Rb7 Nc2 $2 (49... Ra8 50. Rb5 Nb3 51. Rxb3 Rxa5) 50. a6 $18 Nxe3 51. fxe3 Rc6 52. a7 Ra6 53. Kc4 f5 54. Kb5 Ra1 55. Kb6 Kf6 56. Rb8 g5 57. a8=Q ({And not} 57. a8=B Ra2 $11) 57... Rxa8 58. Rxa8 Ke5 59. Ra4 Kd5 60. Rd4+ Ke5 61. Kc6 h4 62. Kc5 hxg3 63. hxg3 f4 64. gxf4+ gxf4 65. exf4+ 1-0

[Event "RLP-ch Rapid 2024"]
[Site "Landau"]
[Date "2024.05.04"]
[Round "6.2"]
[White "Barzen, Pascal"]
[Black "Boder, Jan"]
[Result "1/2-1/2"]
[ECO "C42"]
[WhiteElo "2291"]
[BlackElo "2318"]
[Annotator "TA"]
[PlyCount "49"]
[EventDate "2024.05.03"]
[EventType "swiss"]
[EventCountry "GER"]
[SourceTitle "playchess.com"]
[Source "ChessBase"]
[SourceQuality "1"]
[TimeControl "900+5"]

1. e4 e5 2. Nf3 Nf6 3. Nxe5 d6 4. Nf3 Nxe4 5. d4 d5 6. Bd3 Bd6 7. O-O O-O 8. c4 c6 9. Qc2 Na6 10. a3 Re8 11. Nc3 Bg4 {[%emt 0:00:00] ...Bxf3 would now be deadly.} 12. Ne5 (12. cxd5 Nxc3 13. Ng5 h6 (13... Nxd5 14. Bxa6 g6 15. Bxb7 $15) 14. dxc6 Qc7 (14... hxg5 15. cxb7 Rb8 16. bxc3 $15) (14... Ne2+ 15. Bxe2 Rxe2 16. Qh7+ Kf8 17. cxb7 $11) 15. bxc3 hxg5 (15... Bxh2+ 16. Kh1 $11)) (12. Nxe4 {with more complications.} dxe4 13. Bxe4 Bxf3 14. Bxf3 Qh4 15. g3) 12... Bxe5 13. dxe5 {[%emt 0:00:04] Strongly threatening f3.} Rxe5 14. Nxe4 dxe4 15. Bxe4 f5 $1 16. Bf3 (16. h3 $11) 16... Bxf3 $17 17. gxf3 {[%emt 0:00:01] [#]} Qh4 $1 18. Kh1 {[%emt 0:00:53] [#]} Rae8 (18... Qh3 $1 $17 19. Qd1 Nc5) 19. Bd2 (19. Rg1 $1 $15) 19... Qh3 (19... Nc5 $17 {And now ...Re2 would win.} 20. Qc3 R5e6) 20. Qc3 $1 $11 {[%emt 0:00:20] White is weak on the light squares. The position is equal.} Nc5 {[%emt 0:00:00] Hoping for ...Na4.} 21. Rg1 $1 Na4 22. Qb3 {[%emt 0:00:02] Black must now prevent c5+.} (22. Rg3 Qxg3 23. hxg3 Nxc3 24. Bxc3 Re2 $19) 22... Nc5 23. Qc3 Na4 24. Qb3 {[%emt 0:00:11][%csl LRa4,LRb7] Threatens to win with c5+.} ({Not} 24. Rg3 $2 Qxg3 25. hxg3 Nxc3 26. Bxc3 Re2 $19) 24... Nc5 25. Qc3 {[%emt 0:00:02] Weighted Error Value: White=0.20 (precise) /Black=0.28 (precise) .  Mistake:       	White=2     	Black=2      Inaccurate:     	White=1     	---        OK:         	White=3     	Black=3      Best:        	White=2     	Black=1      Strong:       	White=2     	Black=2} 1/2-1/2

[Event "RLP-ch Rapid 2024"]
[Site "Landau"]
[Date "2024.05.04"]
[Round "6.3"]
[White "Baerwinkel, Tobias"]
[Black "Frischmann, Rick"]
[Result "1-0"]
[ECO "D07"]
[WhiteElo "2289"]
[BlackElo "2355"]
[Annotator "TA"]
[PlyCount "55"]
[EventDate "2024.05.03"]
[EventType "swiss"]
[EventCountry "GER"]
[SourceTitle "playchess.com"]
[Source "ChessBase"]
[SourceQuality "1"]
[TimeControl "900+5"]

1. d4 d5 2. Nf3 Nc6 3. e3 Bg4 4. c4 e5 5. Qb3 Bxf3 6. gxf3 dxc4 7. Bxc4 Qd7 8. dxe5 ({Don't play} 8. Qxb7 Rb8 9. Qa6 exd4 $15) 8... Na5 {[%emt 0:00:56] [#] White is slightly better.} 9. Bxf7+ Qxf7 10. Qb5+ c6 $1 ({Don't go for} 10... Nc6 $2 11. Qxb7 Kd7 (11... Bb4+ $2 12. Bd2 $18) 12. Qxa8 $18) 11. Qxa5 {[%emt 0:00:02] Nd2 would now be deadly.} Qxf3 12. Rg1 Nh6 {[%emt 0:01:48] Strongly threatening ...Ng4.} 13. Nd2 Qf7 (13... Qf5 $11 {keeps the balance.}) 14. Ne4 (14. b3 $1 $16) 14... Qf5 {[%emt 0:01:12] [#]} ({Black should play} 14... Be7 $14) 15. Ng5 {[%emt 0:02:08] White is more active.} (15. Qa4 $1 $16) 15... Ng4 $1 $11 16. f4 $36 {[%emt 0:00:23][%cal Bf2f4,Bf4f5][%mdl 2080] Black must now prevent e4. White is pushing.} Be7 $2 (16... h6 $11 {and Black stays safe.} 17. e4 Qd7) 17. e4 $18 Qd7 18. Qd2 {[%emt 0:01:01] Repels Qd4. Threatens to win with Qxd7+.} Qc8 {[%emt 0:00:01] Hoping for ...Bxg5.} 19. Qe2 h5 20. f5 Qd8 $2 {[%emt 0:02:24] [#]} (20... Qd7 21. Ne6 Bh4+ 22. Kf1 Nxh2+ 23. Kg2 (23. Qxh2 Qd3+ 24. Kg2 Qxe4+ 25. Kh3 Qxf5+ 26. Kxh4 Qxe6 $18) 23... Ng4) 21. Ne6 $1 Qa5+ (21... Qb6 $142) 22. Kf1 Kf7 23. h3 Qxe5 24. Bf4 Qf6 25. hxg4 hxg4 26. Qxg4 {[%emt 0:00:04][%cal Oe4e5] Intending e5! and mate.} Rag8 27. e5 Qh4 28. Qg6# {[%emt 0:00:02] Weighted Error Value: White=0.32/Black=0.78.  Loses game:     	---       	Black=1      Mistake:       	White=2     	Black=4      Inaccurate:     	White=1     	Black=1      OK:         	White=9     	Black=4      Best:        	White=1     	Black=1      Strong:       	White=1     	Black=2} 1-0

[Event "RLP-ch Rapid 2024"]
[Site "Landau"]
[Date "2024.05.04"]
[Round "6.4"]
[White "Lang, Torsten"]
[Black "Lebzak, Jaroslav"]
[Result "1/2-1/2"]
[ECO "D02"]
[WhiteElo "2299"]
[BlackElo "2141"]
[Annotator "NA RC"]
[PlyCount "127"]
[EventDate "2024.05.03"]
[EventType "swiss"]
[EventCountry "GER"]
[SourceTitle "playchess.com"]
[Source "ChessBase"]
[SourceQuality "1"]
[TimeControl "900+5"]

1. d4 d5 2. Bf4 c5 3. e3 Nf6 4. c3 Nc6 5. Nf3 Qb6 6. Qb3 c4 7. Qc2 Bf5 8. Qc1 e6 9. Nbd2 h6 10. Be2 Be7 11. O-O O-O 12. Re1 Qd8 13. Ne5 Bd6 14. Nxc6 bxc6 15. Bxd6 Qxd6 16. b3 cxb3 17. Nxb3 Nd7 18. c4 a5 19. c5 Qc7 20. Qc3 Rfb8 21. Nc1 Nf6 22. f3 Nd7 23. Bd3 Bxd3 24. Nxd3 Rb5 25. Rab1 Rab8 26. Rxb5 Rxb5 27. Rd1 Nb8 28. e4 dxe4 29. fxe4 Nd7 30. a4 Rb8 31. Rf1 Nf6 32. Qe1 Rd8 33. e5 Nd5 34. Nb2 Ne7 35. Nc4 Rxd4 36. Nd6 Nf5 37. Qb1 Qa7 38. Kh1 Rxa4 39. Nxf5 exf5 40. Qxf5 Qe7 41. Qc8+ Kh7 42. Qxc6 Rc4 43. Qd6 Qxd6 44. cxd6 Rd4 45. g3 Kg6 46. Kg2 Rd5 47. Rf4 Rxe5 48. Rd4 Re8 49. Ra4 Rd8 50. Rxa5 Rxd6 51. Kf3 Rd3+ 52. Kg2 Rb3 53. Rc5 f6 54. Ra5 Rc3 55. Rb5 Rc2+ 56. Kh3 f5 57. Ra5 Kf6 58. Ra6+ Kf7 59. Ra5 Rf2 60. Ra7+ Kg8 61. Ra8+ Kf7 62. Ra7+ Kf6 63. Ra6+ Ke5 64. Rg6 1/2-1/2

[Event "RLP-ch Rapid 2024"]
[Site "Landau"]
[Date "2024.05.04"]
[Round "6.5"]
[White "Bender, Tim"]
[Black "Muranyi, Karl-Jasmin"]
[Result "0-1"]
[ECO "D15"]
[WhiteElo "1850"]
[BlackElo "2338"]
[Annotator "TA"]
[PlyCount "112"]
[EventDate "2024.05.03"]
[EventType "swiss"]
[EventCountry "GER"]
[SourceTitle "playchess.com"]
[Source "ChessBase"]
[SourceQuality "1"]
[TimeControl "900+5"]

1. d4 d5 2. c4 c6 3. cxd5 cxd5 4. Nf3 Nf6 5. Nc3 a6 6. Qb3 e6 7. Bg5 Be7 8. e3 Nbd7 {[%emt 0:00:10] The position is equal.} 9. Bd3 b5 10. a3 Bb7 11. O-O O-O 12. h3 h6 13. Bf4 Rc8 14. Ne5 Nxe5 15. Bxe5 Nd7 {[%emt 0:00:06][%cal Bf6d7,Bd7b6,Bb6c4][%mdl 32] Threatens to win with ...Nxe5.} 16. Bg3 Nb6 17. Rac1 Nc4 18. Rfd1 {[%emt 0:01:04] Repels Nd2} Bc6 19. a4 (19. Qc2 $11) 19... bxa4 $17 20. Nxa4 {[%emt 0:00:12] This move loses the game for White.} (20. Qc2 $17) 20... Bxa4 $19 21. Qxa4 Nxb2 22. Qxa6 Nxd1 23. Rxd1 Ra8 24. Qc6 Qc8 25. Rc1 Qxc6 26. Rxc6 Rfc8 27. Rb6 Rc3 28. Be2 Rc2 29. Bf3 Bd8 30. Rb7 Rac8 31. Kh2 Bc7 32. Bxc7 R8xc7 ({Don't play} 32... R2xc7 33. Rxc7 Rxc7 34. Kg3 $19) 33. Rxc7 Rxc7 {[%emt 0:00:02][%mdl 4096] Endgame. KR-KB} 34. g3 Kf8 35. Kg2 Ke7 36. h4 Kd6 {[%emt 0:00:05] Hoping for ...f6.} 37. g4 $2 (37. Bh5 {was called for.}) 37... f6 38. Kg3 e5 39. g5 (39. dxe5+ $142 fxe5 40. g5) 39... hxg5 {[%emt 0:00:22] [#] Strongly threatening ...exd4.} 40. hxg5 exd4 41. gxf6 dxe3 (41... d3 $142 42. e4 d4 (42... gxf6 $2 43. exd5 Ke5 44. Bd1 $19)) 42. f7 Rxf7 {[%emt 0:00:09] Black mates.} 43. fxe3 Ke5 44. Kf2 Ra7 45. Bh5 Ra3 46. Bg6 d4 47. exd4+ Kxd4 48. Kg2 Ke5 49. Kf2 Kf4 50. Be8 Ra2+ 51. Kg1 g5 52. Bc6 Kg3 53. Kf1 Rf2+ 54. Kg1 Rc2 55. Bb5 Rc1+ 56. Bf1 g4 {[%emt 0:01:05] Weighted Error Value: White=0.67/Black=0.17 (very precise) .  Mistake:       	White=4     	---        Inaccurate:     	White=3     	---        OK:         	White=10    	Black=16} 0-1

[Event "RLP-ch Rapid 2024"]
[Site "Landau"]
[Date "2024.05.04"]
[Round "6.6"]
[White "Hinrichs, Paul"]
[Black "Louis, Volker"]
[Result "1-0"]
[ECO "B07"]
[WhiteElo "2255"]
[BlackElo "2022"]
[Annotator "NA RC"]
[PlyCount "91"]
[EventDate "2024.05.03"]
[EventType "swiss"]
[EventCountry "GER"]
[SourceTitle "playchess.com"]
[Source "ChessBase"]
[SourceQuality "1"]
[TimeControl "900+5"]

1. d4 Nf6 2. g3 g6 3. Bg2 Bg7 4. e4 d6 5. Ne2 O-O 6. Nbc3 a6 7. a4 Nc6 8. h3 e5 9. Be3 Rb8 10. a5 b6 11. axb6 cxb6 12. O-O b5 13. d5 Ne7 14. Nc1 a5 15. Nb3 a4 16. Nc1 Qc7 17. Nd3 Qc4 18. f3 Bd7 19. Qd2 Nh5 20. Kh2 f5 21. Bg1 Rbc8 22. Rfc1 fxe4 23. fxe4 Kh8 24. Nd1 Nf6 25. Ne3 Qc7 26. Qb4 Bh6 27. Nxe5 Nexd5 28. exd5 dxe5 29. Rf1 Bg7 30. c3 Rce8 31. d6 Qb8 32. Nd5 Nxd5 33. Bxd5 Rf5 34. Be4 Rf6 35. Rxf6 Bxf6 36. Rf1 Kg7 37. Be3 Re6 38. Bc5 Bd8 39. Bd5 Rf6 40. Rxf6 Bxf6 41. Qe4 Qe8 42. Qe2 Qc8 43. Bb4 Bxh3 44. Qxb5 Bd7 45. Qb7 Qe8 46. Bc6 1-0

[Event "RLP-ch Rapid 2024"]
[Site "Landau"]
[Date "2024.05.04"]
[Round "6.7"]
[White "Commercon, Simon"]
[Black "Meuer, David"]
[Result "1-0"]
[ECO "E51"]
[WhiteElo "2204"]
[BlackElo "2067"]
[Annotator "NA RC"]
[PlyCount "103"]
[EventDate "2024.05.03"]
[EventType "swiss"]
[EventCountry "GER"]
[SourceTitle "playchess.com"]
[Source "ChessBase"]
[SourceQuality "1"]
[TimeControl "900+5"]

1. d4 e6 2. Nf3 Nf6 3. c4 d5 4. Nc3 Bb4 5. e3 O-O 6. a3 Bxc3+ 7. bxc3 c5 8. cxd5 exd5 9. Bd3 Nc6 10. O-O Re8 11. dxc5 Qe7 12. Rb1 Qxc5 13. Rb5 Qe7 14. Nd4 Qe5 15. c4 a6 16. Nf3 Qe7 17. Rxd5 Nxd5 18. cxd5 Ne5 19. Nxe5 Qxe5 20. Qb3 b5 21. Bb2 Qg5 22. Rd1 Bg4 23. Rd2 Rad8 24. Bf1 Rd6 25. Qc3 Bf3 26. h4 Qg6 27. Qc5 Red8 28. Be5 R6d7 29. d6 Bb7 30. Bg3 Rc8 31. Qe5 Qb1 32. f3 Qc1 33. Rd4 Qc3 34. Qf4 Re8 35. Bf2 Qxa3 36. e4 Red8 37. e5 b4 38. Rxb4 Bd5 39. Rd4 Be6 40. h5 h6 41. g4 Rb8 42. Bc4 Rb1+ 43. Kg2 Bxc4 44. Rxc4 Rd8 45. Rc7 Rf8 46. Qd4 Qb4 47. Qxb4 Rxb4 48. d7 Rbb8 49. Bc5 Rfd8 50. Be7 a5 51. Bxd8 Rxd8 52. Rc8 1-0

[Event "RLP-ch Rapid 2024"]
[Site "Landau"]
[Date "2024.05.04"]
[Round "6.8"]
[White "Bruch, Jochen"]
[Black "Lutterbach, Jakob"]
[Result "1/2-1/2"]
[ECO "B10"]
[WhiteElo "2181"]
[BlackElo "1858"]
[Annotator "NA RC"]
[PlyCount "139"]
[EventDate "2024.05.03"]
[EventType "swiss"]
[EventCountry "GER"]
[SourceTitle "playchess.com"]
[Source "ChessBase"]
[SourceQuality "1"]
[TimeControl "900+5"]

1. Nf3 d5 2. g3 Nd7 3. Bg2 e5 4. d3 Ngf6 5. O-O Bd6 6. Nbd2 O-O 7. e4 c6 8. c3 a5 9. a4 Re8 10. Qc2 Qc7 11. Re1 b6 12. Nf1 Ba6 13. Bg5 h6 14. Bxf6 Nxf6 15. Ne3 Rad8 16. Rad1 Bf8 17. Nf5 g6 18. Ne3 Bg7 19. Rd2 dxe4 20. dxe4 Nd7 21. Bf1 Bxf1 22. Rxf1 Nc5 23. Rfd1 Rxd2 24. Rxd2 Rd8 25. Rxd8+ Qxd8 26. b4 Nd7 27. Qd3 Qc7 28. Qa6 axb4 29. cxb4 Bf8 30. Qc4 Qd6 31. b5 cxb5 32. axb5 Qc5 33. Qd5 Qxd5 34. Nxd5 Bc5 35. Nd2 f6 36. Kg2 Kf7 37. Nc4 Ke6 38. f4 f5 39. Kf3 fxe4+ 40. Kxe4 Bg1 41. Nc7+ Ke7 42. Nxe5 Nxe5 43. fxe5 Bxh2 44. g4 Bg1 45. Nd5+ Ke6 46. Nf4+ Kf7 47. Kd5 Be3 48. Nd3 h5 49. gxh5 gxh5 50. Ke4 Bg1 51. Kf5 Bd4 52. Nf4 h4 53. e6+ Ke8 54. Kg4 Bf2 55. Nd5 Bg3 56. e7 Bd6 57. Kxh4 Bxe7+ 58. Kg4 Bc5 59. Kf5 Kd7 60. Ke5 Bd6+ 61. Kd4 Bc5+ 62. Kc4 Kd6 63. Nc3 Ke6 64. Na4 Bg1 65. Nc3 Bc5 66. Ne4 Bg1 67. Nc3 Bc5 68. Ne4 Bg1 69. Nc3 Bc5 70. Ne4 1/2-1/2

[Event "RLP-ch Rapid 2024"]
[Site "Landau"]
[Date "2024.05.04"]
[Round "6.9"]
[White "Mader, Lena"]
[Black "Moench, Dorothee"]
[Result "1-0"]
[ECO "A34"]
[WhiteElo "1902"]
[BlackElo "1823"]
[Annotator "NA RC"]
[PlyCount "73"]
[EventDate "2024.05.03"]
[EventType "swiss"]
[EventCountry "GER"]
[SourceTitle "playchess.com"]
[Source "ChessBase"]
[SourceQuality "1"]
[TimeControl "900+5"]

1. c4 Nf6 2. Nf3 e6 3. g3 c5 4. Bg2 Nc6 5. Nc3 a6 6. O-O d5 7. cxd5 exd5 8. d4 Be6 9. Bg5 Be7 10. Rc1 c4 11. Re1 h6 12. Bxf6 Bxf6 13. e3 Qd7 14. Na4 Qc7 15. b3 b5 16. Nc5 Nb4 17. a3 Nc6 18. e4 O-O 19. Nxe6 fxe6 20. e5 Be7 21. Ra1 a5 22. Bh3 Nd8 23. Bg2 Rc8 24. bxc4 bxc4 25. Re2 Qc6 26. Rc2 Rf7 27. Nd2 a4 28. Nxc4 Qa6 29. Ne3 Rxc2 30. Qxc2 Nc6 31. Qd1 Na5 32. Qxa4 Qe2 33. Rf1 Nc4 34. Nxc4 dxc4 35. Qe8+ Bf8 36. Qxe6 c3 37. Bd5 1-0

[Event "RLP-ch Rapid 2024"]
[Site "Landau"]
[Date "2024.05.04"]
[Round "6.10"]
[White "Anissimova, Mariya"]
[Black "Perovic-Ottstadt, Sanja"]
[Result "1-0"]
[ECO "C02"]
[WhiteElo "1850"]
[BlackElo "1648"]
[Annotator "NA RC"]
[PlyCount "57"]
[EventDate "2024.05.03"]
[EventType "swiss"]
[EventCountry "GER"]
[SourceTitle "playchess.com"]
[Source "ChessBase"]
[SourceQuality "1"]
[TimeControl "900+5"]

1. e4 e6 2. d4 d5 3. e5 c5 4. c3 Qb6 5. Nf3 Bd7 6. a3 Nc6 7. b4 cxd4 8. cxd4 Nge7 9. Be3 Ng6 10. Bd3 Be7 11. O-O O-O 12. Nc3 Rac8 13. Rc1 a6 14. Na4 Qd8 15. Nc5 Qc7 16. Bb1 Na7 17. Nxe6 Qb6 18. Nxf8 Rxf8 19. h4 Nxh4 20. Nxh4 Bxh4 21. Qh5 Bxf2+ 22. Bxf2 g6 23. Qh6 Nb5 24. Rc5 Qe6 25. Bh4 f5 26. exf6 Rf7 27. Re1 Qg4 28. Rc8+ Bxc8 29. Re8+ 1-0

[Event "RLP-ch Rapid 2024"]
[Site "Landau"]
[Date "2024.05.04"]
[Round "7.1"]
[White "Boder, Jan"]
[Black "Carow, Johannes"]
[Result "1-0"]
[ECO "A36"]
[WhiteElo "2318"]
[BlackElo "2456"]
[Annotator "TA"]
[PlyCount "103"]
[EventDate "2024.05.03"]
[EventType "swiss"]
[EventCountry "GER"]
[SourceTitle "playchess.com"]
[Source "ChessBase"]
[SourceQuality "1"]
[TimeControl "900+5"]

1. c4 g6 2. g3 Bg7 3. Bg2 c5 4. Nc3 Nc6 5. a3 e6 6. Rb1 Nge7 7. b4 d6 {[%emt 0:00:01] was the old line (7...cxb4).} 8. Nf3 O-O 9. O-O b6 {[%emt 0:00:08] A36: Symmetrical English vs ...g6: 4 Bg2 Bg7.} 10. e3 Bxc3 11. dxc3 Rb8 $146 ({Predecessor:} 11... Bb7 12. Qe2 Qc7 13. Rd1 Rac8 14. b5 Ne5 15. Nxe5 dxe5 16. Bxb7 Qxb7 17. e4 Kg7 {1-0 Karavade,E (2398)-Hracek,Z (2635) Pardubice op rap 24th rapid 2013 (8)}) 12. e4 f6 13. Bh6 Rf7 14. Rb2 Bb7 15. Bh3 Qd7 16. Bf4 Nc8 17. Rd2 Qe7 18. bxc5 (18. Bxd6 $6 Nxd6 19. Rxd6 Nd4 20. Rxd4 cxd4 $14) (18. Rxd6 $16 Nxd6 19. Bxd6) 18... bxc5 $14 19. Rxd6 ({Don't play} 19. Bxd6 Nxd6 20. Rxd6 Nd4 21. Rxd4 cxd4 22. cxd4 Bxe4 $15) 19... Nxd6 20. Bxd6 Rd8 21. Bxe7 Rxd1 22. Rxd1 Rxe7 23. e5 Kf7 (23... Nxe5 $11 {keeps the balance.} 24. Nxe5 fxe5) 24. exf6 $16 Kxf6 25. Bg2 Na5 26. Nd2 Bxg2 27. Kxg2 Rc7 28. f3 Ke7 29. Rb1 Rd7 30. Ne4 (30. Rb2 $16) 30... Nxc4 $11 31. Nxc5 Rc7 32. Ne4 Nxa3 33. Rb8 Nc4 34. Rh8 h5 $1 35. Rh6 Nd6 36. Rh7+ Nf7 37. Rg7 {[%emt 0:00:02] [#]} g5 $2 (37... a5 $1 $15 38. Rxg6 a4) 38. Rh7 $2 (38. Nxg5 $18 Kf6 39. Rxf7+ Rxf7 40. Nxf7 Kxf7 41. Kf1) 38... Rb7 $2 (38... g4 $16) 39. Nxg5 Kf6 (39... Rb2+ $142 40. Kh3 Kf6 41. Nxf7 Kg6) 40. Nxf7 (40. Rxf7+ $142 Rxf7 41. Nxf7 Kxf7 42. Kf2) 40... Rxf7 (40... Rb2+ $142 41. Kh3 Kg6) 41. Rxh5 $18 Rc7 42. Ra5 (42. Rh6+ Ke5 43. h4 Kd6 $18) 42... e5 43. h4 Kf5 44. f4 Ke4 45. Rxe5+ Kd3 46. h5 Kxc3 47. Ra5 Kb4 48. Ra6 Kb5 49. Ra1 a5 50. Kh3 Rh7 51. g4 a4 52. Kh4 1-0

[Event "RLP-ch Rapid 2024"]
[Site "Landau"]
[Date "2024.05.04"]
[Round "7.2"]
[White "Baerwinkel, Tobias"]
[Black "Barzen, Pascal"]
[Result "0-1"]
[ECO "A62"]
[WhiteElo "2289"]
[BlackElo "2291"]
[Annotator "NA RC"]
[PlyCount "74"]
[EventDate "2024.05.03"]
[EventType "swiss"]
[EventCountry "GER"]
[SourceTitle "playchess.com"]
[Source "ChessBase"]
[SourceQuality "1"]
[TimeControl "900+5"]

1. d4 Nf6 2. c4 e6 3. g3 c5 4. d5 d6 5. Bg2 exd5 6. cxd5 g6 7. Nc3 Bg7 8. Nf3 O-O 9. O-O Re8 10. Bf4 h6 11. Qc1 g5 12. Be3 Bf5 13. h4 g4 14. Nd2 Rxe3 15. fxe3 Bg6 16. Nc4 Nh5 17. Qe1 Qe7 18. Nb5 Nd7 19. Nbxd6 Ne5 20. Rf4 b5 21. Nxe5 Qxe5 22. Nxb5 Nxf4 23. exf4 Qxb2 24. f5 Bxf5 25. Nd6 Bc2 26. Rc1 Be5 27. Qd2 Bxd6 28. Rxc2 Qa1+ 29. Rc1 Qe5 30. Qxh6 Qxg3 31. Qg5+ Kf8 32. Qh6+ Ke8 33. Qh8+ Kd7 34. Qxa8 Qe3+ 35. Kf1 Qxc1+ 36. Kf2 g3+ 37. Kf3 Qf4# 0-1

[Event "RLP-ch Rapid 2024"]
[Site "Landau"]
[Date "2024.05.04"]
[Round "7.3"]
[White "Muranyi, Karl-Jasmin"]
[Black "Commercon, Simon"]
[Result "0-1"]
[ECO "B07"]
[WhiteElo "2338"]
[BlackElo "2204"]
[Annotator "RC"]
[PlyCount "96"]
[EventDate "2024.05.03"]
[EventType "swiss"]
[EventCountry "GER"]
[SourceTitle "playchess.com"]
[Source "ChessBase"]
[SourceQuality "1"]
[TimeControl "900+5"]

1. e4 d6 2. d4 Nf6 3. Bd3 e5 4. c3 d5 5. dxe5 Nxe4 6. Bxe4 dxe4 7. Qa4+ Bd7 8. Qxe4 Bc6 9. Qg4 Qd7 10. Qxd7+ Nxd7 11. Nf3 Bxf3 12. gxf3 Nxe5 13. Ke2 O-O-O 14. Be3 Bd6 15. Nd2 Rhe8 16. Rad1 f5 17. Kf1 b6 18. Rg1 Rd7 19. Kg2 g6 20. b3 Be7 21. f4 Nc6 22. Nf3 Bf6 23. Rxd7 Kxd7 24. Rd1+ Kc8 25. Rd3 a6 26. Kf1 Re7 27. Ke2 Nd8 28. h4 Ne6 29. Kd2 Kb7 30. Kc2 Kc6 31. Rd1 Nc5 32. h5 Ne4 33. hxg6 hxg6 34. Bd4 Bxd4 35. Nxd4+ Kb7 36. f3 Nd6 37. b4 Nc4 38. Rg1 Ne3+ 39. Kd3 Nd5 40. Ne2 Re3+ 41. Kd2 Rxf3 42. Rxg6 Rf2 43. Re6 Nxf4 44. Re5 Rxe2+ 45. Rxe2 Nxe2 46. Kxe2 Kc6 47. a4 Kd5 48. Kd3 b5 0-1